 Dungeon Crawl Stone Soup version 0.22-a0-81-g7478db5 (webtiles) character file.

199357 galech the Wrestler (level 18, -7/191 HPs)
             Began as a Troll Monk on Jan 18, 2018.
             Was the Champion of Okawaru.
             Blown up by an orb spider (45 damage)
             ... with an orb of destruction
             ... on level 3 of the Spider Nest.
             The game lasted 01:32:47 (29198 turns).

galech the Wrestler (Troll Monk)                   Turns: 29198, Time: 01:32:48

Health: -7/191     AC: 19    Str: 41    XL:     18   Next: 24%
Magic:  17/17      EV:  9    Int:  6    God:    Okawaru [******]
Gold:   3351       SH:  0    Dex: 12    Spells: 17/17 levels left

rFire    . . .     SeeInvis .     - Unarmed
rCold    + . .     Gourm    +   a - +2 large shield {AC+3}
rNeg     . . .     Faith    .   U - quicksilver dragon scales of the Fiend {MR+ Slay+2}
rPois    +         Spirit   .   R - +1 hat "Medelatz" {Regen+ Str+3}
rElec    .         Reflect  .   v - +2 cloak {+Inv}
rCorr    .         Harm     .   (gloves unavailable)
MR       ++...                  (boots unavailable)
Stlth    ..........             Y - amulet of Gozag's Regard {rC+ Regen+ Str+3 Stlth-}
HPRegen  1.61/turn              M - ring of poison resistance
MPRegen  0.15/turn              r - +5 ring of strength

@: confused
A: large, unfitting armour, claws 3, fast metabolism 3, gourmand, regeneration
1, shaggy fur 1, tough skin 2
a: Heroism, Finesse, Renounce Religion, Evoke Invisibility


You were on level 3 of the Spider Nest.
You worshipped Okawaru.
Okawaru was exalted by your worship.
You were not hungry.

You visited 6 branches of the dungeon, and saw 30 of its levels.
You also visited: Labyrinth, Ossuary, Ice Cave and Volcano.

You collected 3411 gold pieces.
You spent 60 gold pieces at shops.

Inventory:

Hand Weapons
 H - the +5 fustibalus "Newt's Doom" {velocity, rElec Str+5}
   (Okawaru gifted it to you on level 1 of the Elven Halls)

   Any stone fired from it inflicts extra damage.
   It affects your strength (+5).
   It insulates you from electricity.
Armour
 a - a +2 large shield of protection (worn)
 p - a +2 robe of fire resistance
 v - a +2 cloak of invisibility (worn)
 N - a +0 robe of resistance
 R - the +1 hat "Medelatz" (worn) {Regen+ Str+3}
   (Okawaru gifted it to you on level 13 of the Dungeon)

   It affects your strength (+3).
   It increases your rate of regeneration.
 S - a +2 robe of positive energy
 U - the quicksilver dragon scales of the Fiend (worn) {MR+ Slay+2}
   (Okawaru gifted it to you on level 11 of the Dungeon)

   It affects your accuracy and damage with ranged weapons and melee attacks
   (+2).
   It affects your resistance to hostile enchantments.
Jewellery
 j - a +3 ring of dexterity
 r - a +5 ring of strength (right claw)
 t - an uncursed ring of protection from magic
 D - a +3 ring of protection
 F - the amulet of the Four Winds {rN+ MR+++ Clar}
   (You found it on level 8 of the Dungeon)

   [amulet of nothing]

   It protects you from negative energy.
   It affects your resistance to hostile enchantments.
   It protects you against confusion.
 M - a ring of poison resistance (left claw)
 T - an uncursed ring of protection from cold
 W - a +4 amulet of reflection
 Y - the amulet of Gozag's Regard (around neck) {rC+ Regen+ Str+3 Stlth-}
   (You found it in a labyrinth)

   [amulet of regeneration]

   It affects your strength (+3).
   It protects you from cold.
   It increases your rate of regeneration.
   It makes you less stealthy.
Wands
 J - a wand of digging (19)
Scrolls
 c - 2 scrolls of enchant armour
 d - 6 scrolls of fear
 g - 5 scrolls of fog
 k - 13 scrolls of teleportation
 l - 4 scrolls of magic mapping
 n - 7 scrolls of remove curse
 q - a scroll of immolation
 y - a scroll of identify
 C - 3 scrolls of enchant weapon
 E - a scroll of brand weapon
 G - a scroll of torment
 K - 2 scrolls of blinking
 L - a scroll of holy word {unknown}
 X - 2 scrolls of silence
Potions
 e - a potion of lignification
 f - 2 potions of magic
 h - 2 potions of flight
 i - 2 potions of ambrosia
 m - 2 potions of invisibility
 o - 5 potions of resistance {unknown}
 s - 4 potions of mutation
 u - 4 potions of agility
 w - 4 potions of berserk rage
 x - 8 potions of curing
 A - a potion of heal wounds
 B - a potion of brilliance
 I - 3 potions of might
 Q - 5 potions of haste
 Z - a potion of cancellation
Miscellaneous
 z - a phial of floods
Comestibles
 b - 53 rations


   Skills:
 + Level 14.7 Fighting
 - Level 3.0 Dodging
 - Level 1.1 Stealth
 + Level 12.6 Shields
 * Level 22.4 Unarmed Combat


You had 17 spell levels left.
You didn't know any spells.

Dungeon Overview and Level Annotations

Branches:
Dungeon (15/15)            Temple (1/1) D:5            Lair (6/6) D:10
 Shoals (0/4) Lair:4       Spider (3/4) Lair:2        Slime (0/5) Lair:6
    Orc (2/2) D:10            Elf (3/3) Orc:2        Vaults (0/5) D:13
 Depths (0/5) D:15

Altars:
Cheibriados
Dithmenos
Elyvilon
Fedhas
Gozag
Hepliaklqana
Makhleb
Nemelex Xobeh
Okawaru
Qazlal
Ru
Sif Muna
Trog
Uskayaw
Vehumet
Xom
Yredelemnul
Zin
The Shining One
Beogh

Shops:
D:6 [   D:10 *   Orc:2 *%*(   Elf:1 [


Innate Abilities, Weirdness & Mutations

You are too large for most types of armour.
You have claws for hands.
Your metabolism is lightning-fast.
You like to eat raw meat.
Your natural rate of healing is unusually fast.
You are covered in fur. (AC +1)
You have very tough skin. (AC +2)


Message History

Okawaru accepts your kill.
The orb spider weaves a glowing orb of energy.
An orb of destruction comes into view.
You see here a torpor snail corpse.
The wavering orb of destruction hits you!
* * * LOW HITPOINT WARNING * * *
Things that are here:
a spark wasp corpse; an orb spider corpse You bump into the rock wall.
The orb spider begins to weave its threads into a brightly glowing ball.
You bump into the rock wall.
You see here a redback corpse.
You bump into the rock wall.
You see here a torpor snail corpse.
The orb spider weaves a glowing orb of energy.
An orb of destruction comes into view.
You found a web! x2
The orb spider begins to weave its threads into a brightly glowing ball.
You bump into the rock wall.
The orb of destruction hits you!
You die...

... #...#.. .#^### ..
#.#...# ...<. #
#.##^>....#...#
##.#....)##.#....#.#
#^#....#..#........#
.#?..#).#.^..[...# ^
.....!..^s##.....##^.#
........†.§§###^...#^
.##...#†.#†.§§@.#....
..... #†...†.^#.......
#..##.##†(.#...#..####
.......#..##........#
. ...#^####...#.#..##
........#....#.##
..##..#........#
#....#...#...#
#....#^..#####


You could see an orb spider.

Vanquished Creatures
  Rupert (Lair:5)
  3 deep elf blademasters
  2 deep elf master archers (Elf:3)
  5 deep elf sorcerers
  A ghost moth (Spider:2)
  An orc warlord (Orc:2)
  2 emperor scorpions
  3 deep elf elementalists (Elf:3)
  2 stone giants (Orc:2)
  4 deep elf demonologists (Elf:3)
  An entropy weaver (Spider:3)
  3 deep elf annihilators (Elf:3)
  A dire elephant (D:15)
  A spark wasp (Spider:3)
  A fire dragon (Lair:6)
  5 deep elf death magi
  2 ettins
  A minotaur (Lab)
  14 hydras
  2 deep elf high priests
  Erica (D:11)
  A centaur warrior (D:14)
  8 two-headed ogres
  25 dancing weapons
  9 death yaks
  6 orc high priests
  18 deep elf knights
  3 skeletal warriors (D:12)
  19 deep elf archers
  A wizard (D:13)
  An unseen horror (D:10)
  A lindwurm (Lair:6)
  A necromancer (IceCv)
  16 ugly things
  3 oklob plants (Lair:4)
  2 wolf spider zombies
  9 orb spiders
  4 orc knights
  12 wolf spiders
  49 deep elf magi
  5 orc sorcerers
  A merfolk siren (Lair:4)
  3 cyclopes
  2 manticores
  6 black mambas
  2 molten gargoyles (Lair:6)
  An ice statue (IceCv)
  A smoke demon (Volcano)
  3 torpor snails
  3 gargoyles
  9 spiny frogs
  An efreet (D:13)
  2 rime drakes
  4 demonic crawlers
  7 komodo dragons
  10 freezing wraiths (IceCv)
  A tengu conjurer (D:13)
  A red devil (Volcano)
  10 jumping spiders
  3 meliai (Lair:5)
  A merfolk (D:15)
  10 trolls
  A hornet (Spider:1)
  A polar bear (Lair:3)
  20 blink frogs
  9 hippogriffs
  6 dream sheep (Lair:4)
  2 slime creatures (D:15)
  2 shadows
  A tarantella (shapeshifter) (Elf:2)
  3 water elementals
  10 spriggans
  3 air elementals
  15 tarantellas
  50 yaks
  33 redbacks
  3 wyverns
  2 basilisks
  A steam dragon (Lair:6)
  A fire elemental (Elf:1)
  3 vampire mosquitoes (Lair:4)
  3 hungry ghosts
  An insubstantial wisp (Lair:4)
  6 hell hounds
  3 acid dragons
  5 water moccasins
  10 porcupines
  11 ice beasts
  48 orc warriors
  2 phantoms
  An alligator simulacrum (IceCv)
  3 sky beasts
  A hornet zombie (D:9)
  2 boggarts (D:15)
  4 necrophages
  10 wolves
  15 centaurs
  13 ogres
  8 crocodiles
  2 big kobolds
  An elf zombie (Ossuary)
  9 bullfrogs
  3 earth elementals
  2 wyvern zombies
  15 scorpions
  A hornet simulacrum (D:14)
  2 water moccasin skeletons
  66 killer bees
  An elephant simulacrum (IceCv)
  4 howler monkeys
  4 electric eels
  5 crimson imps
  5 lava snakes (Lair:6)
  5 draconian simulacra (IceCv)
  4 centaur zombies
  2 bullfrog zombies
  9 hounds
  A quasit (D:12)
  3 bullfrog skeletons
  6 jellies
  26 orc priests
  7 centaur skeletons
  A gnoll shaman (D:9)
  30 orc wizards
  16 worker ants
  4 iguanas
  2 troll simulacra (IceCv)
  A wolf simulacrum (IceCv)
  A polar bear simulacrum (IceCv)
  3 spriggan simulacra (IceCv)
  A big kobold zombie (Ossuary)
  3 centaur simulacra (IceCv)
  2 mummies (Ossuary)
  A hound zombie (D:6)
  4 hound skeletons
  A worker ant zombie (D:7)
  Robin (D:4)
  9 gnolls
  A howler monkey skeleton (D:8)
  14 adders
  5 naga simulacra (IceCv)
  2 ogre simulacra (IceCv)
  A shadow imp (D:6)
  12 white imps (IceCv)
  4 oozes
  5 adder zombies (Ossuary)
  2 adder skeletons
  2 worms
  2 dart slugs (D:1)
  4 leopard geckos
  101 orcs
  2 giant cockroaches
  12 goblins
  10 hobgoblins
  5 jackals
  17 kobolds
  3 quokkas
  2 ball pythons (D:2)
  10 bats
  5 frilled lizards
  A giant cockroach zombie (D:5)
  A goblin zombie (Ossuary)
  5 hobgoblin zombies (Ossuary)
  A jackal zombie (Ossuary)
  11 kobold zombies (Ossuary)
  10 orc zombies (Ossuary)
  A quokka zombie (D:6)
  4 rats (D:1)
  A rat zombie (Ossuary)
  A butterfly (Lair:2)
  A fungus (Lair:6)
  2 plants (Lair:4)
1165 creatures vanquished.

Vanquished Creatures (others)
  A redback (Spider:3)
  A boggart (D:15)
  7 centaurs
  An orc priest (Orc:2)
  2 orcs (D:13)
  2 bushes (Lair:6)
  3 fungi (Lair:5)
  6 plants (Lair:6)
23 creatures vanquished.

Grand Total: 1188 creatures vanquished

Notes
Turn   | Place    | Note
-------+----------+-------------------------------------------
     0 | D:1      | galech the Troll Monk began the quest for the Orb.
     0 | D:1      | Reached XP level 1. HP: 22/22 MP: 0/0
   178 | D:1      | Reached XP level 2. HP: 29/29 MP: 1/1
   472 | D:2      | Reached XP level 3. HP: 34/36 MP: 2/2
   719 | D:2      | x
   966 | D:2      | Reached XP level 4. HP: 39/45 MP: 3/3
  1108 | D:3      | Reached skill level 4 in Unarmed Combat
  1769 | D:4      | Reached XP level 5. HP: 46/53 MP: 4/4
  1810 | D:3      | Reached skill level 5 in Unarmed Combat
  1910 | D:4      | Reached XP level 6. HP: 32/62 MP: 5/5
  2054 | D:4      | Found a sand-covered staircase.
  2063 | Ossuary  | Entered an ossuary
  2175 | Ossuary  | Reached skill level 6 in Unarmed Combat
  2261 | Ossuary  | Reached XP level 7. HP: 61/70 MP: 6/6
  2367 | D:4      | Reached skill level 7 in Unarmed Combat
  2419 | D:4      | Noticed Robin
  2525 | D:4      | Killed Robin
  2640 | D:4      | Reached skill level 5 in Fighting
  2662 | D:4      | Reached XP level 8. HP: 72/80 MP: 7/7
  2849 | D:5      | Entered Level 5 of the Dungeon
  2849 | D:5      | Found a staircase to the Ecumenical Temple.
  2860 | Temple   | Entered the Ecumenical Temple
  3082 | Temple   | Became a worshipper of Warmaster Okawaru
  3082 | Temple   | Reached * piety under Okawaru
  3082 | Temple   | Reached ** piety under Okawaru
  3144 | D:5      | Reached skill level 8 in Unarmed Combat
  3241 | D:5      | Found a deep blue altar of Sif Muna.
  3242 | D:5      | Found a hazy altar of Hepliaklqana.
  3265 | D:5      | Found a bloodstained altar of Trog.
  3707 | D:6      | Reached skill level 9 in Unarmed Combat
  3983 | D:6      | Reached *** piety under Okawaru
  4129 | D:6      | Reached XP level 9. HP: 85/89 MP: 8/8
  4219 | D:6      | Reached skill level 10 in Unarmed Combat
  4308 | D:6      | Found Cayd's Armour Emporium.
  4674 | D:7      | Found a burning altar of Makhleb.
  4674 | D:7      | Found a basalt altar of Yredelemnul.
  4676 | D:7      | Found a radiant altar of Vehumet.
  4678 | D:7      | Found a blossoming altar of Fedhas.
  4964 | D:7      | HP: 6/138 [poisoned by a killer bee]
  4967 | D:7      | HP: 2/138 [poisoned by a killer bee]
  5131 | D:7      | Reached **** piety under Okawaru
  5232 | D:7      | Reached skill level 11 in Unarmed Combat
  5420 | D:8      | Noticed a two-headed ogre
  5433 | D:8      | HP: 3/93 [two-headed ogre/giant spiked club (8)]
  5435 | D:8      | HP: 1/93 [two-headed ogre/giant spiked club (3)]
  5599 | D:8      | Found the amulet of the Four Winds {rN+ MR+++ Clar}
  5642 | D:8      | Killed a two-headed ogre
  5642 | D:8      | Reached XP level 10. HP: 46/102 MP: 9/9
  5885 | D:8      | Reached skill level 12 in Unarmed Combat
  6153 | D:9      | Reached ***** piety under Okawaru
  6275 | D:9      | Found a sparkling altar of Nemelex Xobeh.
  7058 | D:10     | Entered Level 10 of the Dungeon
  7065 | D:10     | Received a gift from Okawaru
  7111 | D:10     | Killed an unseen horror
  7111 | D:10     | Reached skill level 13 in Unarmed Combat
  7216 | D:9      | Received a gift from Okawaru
  7555 | D:10     | Reached skill level 1 in Shields
  7577 | D:10     | Found a staircase to the Lair.
  7693 | D:10     | Found Iruar's Assorted Antiques.
  7916 | D:10     | Noticed an orc knight
  7928 | D:10     | Killed an orc knight
  7944 | D:10     | Reached XP level 11. HP: 102/113 MP: 4/10
  8305 | D:10     | Found a staircase to the Orcish Mines.
  8339 | Orc:1    | Entered Level 1 of the Orcish Mines
  8444 | Orc:2    | Entered Level 2 of the Orcish Mines
  8505 | Orc:2    | Noticed a two-headed ogre
  8512 | Orc:2    | Killed a two-headed ogre
  9307 | Orc:2    | Noticed a two-headed ogre
  9319 | Orc:2    | Killed a two-headed ogre
  9319 | Orc:2    | Reached skill level 14 in Unarmed Combat
  9497 | Orc:1    | Noticed an ettin
  9522 | Orc:2    | Noticed a stone giant
  9551 | Orc:2    | Killed a stone giant
  9551 | Orc:2    | Received a gift from Okawaru
  9735 | Orc:2    | Received a gift from Okawaru
  9865 | Orc:2    | Noticed an ettin
  9873 | Orc:2    | Killed an ettin
  9913 | Orc:2    | Noticed an orc sorcerer
  9913 | Orc:2    | Noticed an orc sorcerer
  9933 | Orc:2    | Killed an orc sorcerer
  9940 | Orc:2    | Paralysed by an orc sorcerer for 5 turns
  9946 | Orc:2    | Killed an orc sorcerer
 10128 | Orc:2    | Found a staircase to the Elven Halls.
 10205 | Orc:2    | Reached XP level 12. HP: 124/124 MP: 11/11
 10273 | Orc:2    | Noticed an orc warlord
 10342 | Orc:2    | Killed an orc warlord
 10342 | Orc:2    | Reached skill level 15 in Unarmed Combat
 10425 | Orc:2    | Received a gift from Okawaru
 10569 | Orc:2    | Found a roughly hewn altar of Beogh.
 10592 | Orc:2    | Noticed a stone giant
 10599 | Orc:2    | Paralysed by an orc sorcerer for 6 turns
 10620 | Orc:2    | Killed a stone giant
 10620 | Orc:2    | Reached skill level 5 in Shields
 10706 | Orc:2    | Noticed an orc high priest
 10707 | Orc:2    | Found Gompyabe's General Store.
 10715 | Orc:2    | Killed an orc high priest
 10715 | Orc:2    | Reached skill level 10 in Fighting
 10755 | Orc:2    | Found Zuipp's Food Shoppe.
 11044 | Orc:2    | Noticed an orc high priest
 11070 | Orc:2    | Killed an orc high priest
 11160 | Orc:2    | Noticed an orc high priest
 11265 | Orc:2    | Killed an orc high priest
 11363 | Orc:2    | Noticed an orc high priest
 11364 | Orc:2    | Found Xeucw's Antique Weapon Shoppe.
 11372 | Orc:2    | Killed an orc high priest
 11406 | Orc:2    | Found a roughly hewn altar of Beogh.
 11420 | Orc:2    | Noticed an orc high priest
 11430 | Orc:2    | Killed an orc high priest
 11430 | Orc:2    | Reached ****** piety under Okawaru
 11430 | Orc:2    | Reached skill level 16 in Unarmed Combat
 11438 | Orc:2    | Found Hacaas's Assorted Antiques.
 11449 | Orc:2    | Bought a scroll of identify for 60 gold pieces
 11616 | Orc:1    | Killed an ettin
 11947 | D:11     | Noticed a two-headed ogre
 11954 | D:11     | Killed a two-headed ogre
 11954 | D:11     | Received a gift from Okawaru
 11954 | D:11     | Reached XP level 13. HP: 134/135 MP: 12/12
 11959 | D:11     | Got jet-encrusted quicksilver dragon scales {god gift}
 11970 | D:11     | Identified the quicksilver dragon scales of the Fiend {MR+ Slay+2} (Okawaru gifted it to you on level 11 of the Dungeon)
 12026 | D:11     | Noticed Erica
 12034 | D:11     | Killed Erica
 12485 | D:11     | Got an ichor-stained arbalest
 13002 | Lair:1   | Entered Level 1 of the Lair of Beasts
 13732 | Lair:2   | Reached skill level 17 in Unarmed Combat
 14003 | Lair:2   | Found a hole to the Spider Nest.
 14955 | Lair:3   | Received a gift from Okawaru
 15648 | Lair:4   | Reached XP level 14. HP: 90/146 MP: 13/13
 16054 | Lair:4   | Found a staircase to the Shoals.
 16353 | Lair:5   | Received a gift from Okawaru
 16792 | Lair:5   | Noticed Rupert
 16799 | Lair:5   | Killed Rupert
 16799 | Lair:5   | Reached skill level 18 in Unarmed Combat
 16929 | Lair:5   | Received a gift from Okawaru
 17059 | Lair:5   | Found a snail-covered altar of Cheibriados.
 17571 | Lair:6   | Entered Level 6 of the Lair of Beasts
 17624 | Lair:6   | Received a gift from Okawaru
 17746 | Lair:6   | Found a staircase to the Slime Pits.
 17841 | Lair:6   | Found a dark tunnel.
 17857 | Volcano  | Entered a volcano
 18201 | Lair:6   | Found a large runed door.
 18201 | Lair:6   | Found a large runed door.
 18202 | Lair:6   | HP: 7/149 [molten gargoyle/bolt of magma (20)]
 18327 | Lair:6   | Reached XP level 15. HP: 140/157 MP: 14/14
 18798 | Lair:6   | Received a gift from Okawaru
 19114 | Lair:6   | Reached skill level 19 in Unarmed Combat
 20031 | D:12     | Found a basalt altar of Yredelemnul.
 20403 | D:13     | Received a gift from Okawaru
 20492 | D:13     | Got a faintly glowing hat {god gift}
 20538 | D:13     | Identified the +1 hat "Medelatz" {Regen+ Str+3} (Okawaru gifted it to you on level 13 of the Dungeon)
 20766 | D:13     | Found a gate to the Vaults.
 20956 | D:14     | Reached skill level 10 in Shields
 21758 | D:15     | Entered Level 15 of the Dungeon
 21787 | D:15     | Found a labyrinth entrance.
 21788 | D:15     | Received a gift from Okawaru
 21844 | D:15     | Found a frozen archway.
 21850 | IceCv    | Entered an ice cave
 22018 | IceCv    | Found an ancient bone altar of Kikubaaqudgha.
 22319 | Lab      | Entered a labyrinth
 22375 | Lab      | Found the +0 Maxwell's etheric cage {RegenMP+ *Contam rElec MP+4}
 22519 | Lab      | Got a scintillating iron amulet
 22522 | Lab      | Identified the amulet of Gozag's Regard {rC+ Regen+ Str+3 Stlth-} (You found it in a labyrinth)
 22571 | Lab      | Reached skill level 20 in Unarmed Combat
 22706 | D:15     | Reached XP level 16. HP: 169/169 MP: 15/15
 22782 | D:15     | Found a staircase to the Depths.
 23369 | Elf:1    | Entered Level 1 of the Elven Halls
 24013 | Elf:1    | Found Uceweodoe's Armour Shop.
 24383 | Elf:1    | Received a gift from Okawaru
 24481 | Elf:1    | Got a pitted fustibalus {god gift}
 24487 | Elf:1    | Identified the +5 fustibalus "Newt's Doom" {velocity, rElec Str+5} (Okawaru gifted it to you on level 1 of the Elven Halls)
 24678 | Elf:2    | Received a gift from Okawaru
 24743 | Elf:2    | Noticed a deep elf blademaster
 24758 | Elf:2    | Killed a deep elf blademaster
 24774 | Elf:2    | Found a huge runed gate.
 24775 | Elf:2    | Found a huge runed gate.
 24776 | Elf:2    | Found a huge runed gate.
 24777 | Elf:2    | Found a huge runed gate.
 24778 | Elf:2    | Found a huge runed gate.
 25084 | Elf:2    | Reached skill level 21 in Unarmed Combat
 25235 | Elf:2    | Reached XP level 17. HP: 179/179 MP: 16/16
 25395 | Elf:2    | Received a gift from Okawaru
 25862 | Elf:3    | Entered Level 3 of the Elven Halls
 25997 | Elf:3    | Noticed a deep elf blademaster
 26006 | Elf:3    | Killed a deep elf blademaster
 26014 | Elf:3    | Noticed a deep elf master archer
 26041 | Elf:3    | Killed a deep elf master archer
 26144 | Elf:3    | Received a gift from Okawaru
 26175 | Elf:3    | Noticed a deep elf master archer
 26185 | Elf:3    | Killed a deep elf master archer
 26356 | Elf:3    | Got an uncursed transparent mace {crush}
 26370 | Elf:3    | Identified the +7 mace of the Depths {crush, rN++} (You took it off a deep elf knight on level 3 of the Elven Halls)
 26446 | Elf:3    | Identified the Reference Book on Boosting Air
 26451 | Elf:3    | Noticed a deep elf blademaster
 26458 | Elf:3    | Killed a deep elf blademaster
 26463 | Elf:3    | Received a gift from Okawaru
 26464 | Elf:3    | Found the +6 Majin-Bo {vamp, Archmagi MP+6 Int+6}
 26608 | Elf:3    | Found the +4 dagger "Morg" {pain, MR+ Int+5}
 26627 | Elf:3    | Reached skill level 22 in Unarmed Combat
 27436 | Spider:1 | Entered Level 1 of the Spider Nest
 27598 | Spider:1 | Received a gift from Okawaru
 27605 | Spider:1 | Reached XP level 18. HP: 146/191 MP: 17/17
 29152 | Spider:3 | Received a gift from Okawaru
 29198 | Spider:3 | Blown up by an orb spider

Vault maps used:
D:1:      matt_arrival_diagonals, minmay_tall_x
D:4:      lightli_ossuary_entry_decrepit_ruins, first_ration, uniq_robin
D:5:      nicolae_overflow_hidden_temple, minmay_temple_entry_trees
D:6:      old_forge, serial_shops, nicolae_shop_behind_doors, st_stairs_5,
          minmay_misc_feat_iff
D:7:      minitemple
D:8:      grunt_ministairs_13, the_bakery
D:9:      overflow_temple_1_default
D:10:     lair_entry_dummy, erik_orc_2, serial_shops, shop
D:11:     uniq_erica
D:12:     basic_altar
D:13:     david_vaults_1
D:14:     hex_tiny, chequers_big_river, grunt_ministairs_4
D:15:     hangedman_depths_entry_try_elsewhere_first, lab_entry_generic,
          portal_ice_cave_entry_pillars_1, minmay_misc_feat_chi
Temple:   minmay_temple_curvy_branch
Lair:2:   nicolae_spider_entry_orb_guardian, lemuel_fruit_fields
Lair:4:   minmay_shoals_entry_lonely_mermaid, pond, minmay_lair_oklob_chamber
Lair:5:   wad_woods_minihive, kennysheep_snail_temple, uniq_rupert
Lair:6:   cheibrodos_lair_end_hotspot, nicolae_slime_entry_slimehenge,
          nicolae_volcano_entry_s_turn, nicolae_quartered_pool_medium,
          grunt_forest_large_clearing_hut
Spider:1: spider_trap, nicolae_spider_webs_and_nodes
Spider:2: nicolae_spider_cling_halls
Orc:2:    pubby_orc_utopia
Elf:1:    elf_arrival_001, serial_shops, shop, evilmike_minifort
Elf:2:    serial_glass, glass_columns_a, glass_columns_c, minmay_fountain_box
Elf:3:    grunt_elf_hall_spiral
Lab:      nicolae_lab_grate, nicolae_lab_blocks, nicolae_lab_do_over,
          nicolae_lab_big_swirl
Ossuary:  ossuary_tomb_1
IceCv:    ice_cave_small_necro
Volcano:  volcano_pools

Skill      XL: |  1  2  3  4  5  6  7  8  9 10 11 12 13 14 15 16 17 |
---------------+----------------------------------------------------+-----
Fighting       | 3 4 5 6 7 8 9 10 11 12 13 14 | 14.7
Dodging        | 3 |  3.0
Unarmed Combat | 4 5 6 7 9 11 13 14 16 17 18 20 21 22 | 22.4
Shields        | 1 4 6 7 9 10 11 12 | 12.6
Stealth        | |  1.1

Action                   |  1- 3 |  4- 6 |  7- 9 | 10-12 | 13-15 | 16-18 || total
-------------------------+-------+-------+-------+-------+-------+-------++-------
Melee: Unarmed           |    85 |   195 |   309 |   697 |  1374 |   843 ||  3503
       Punch             |       |     5 |    15 |     5 |       |       ||    25
Invok: Heroism           |       |       |       |     6 |    15 |     3 ||    24
       Finesse           |       |       |       |     3 |     3 |       ||     6
Evoke: Wand              |       |       |       |       |     2 |     1 ||     3
  Use: Potion            |       |       |     7 |       |     2 |     4 ||    13
       Scroll            |       |       |       |    11 |    16 |    10 ||    37
 Stab: Sleeping          |     3 |     1 |     1 |     4 |       |       ||     9
       Held in net/web   |       |       |     1 |       |       |       ||     1
       Distracted        |       |       |       |       |     1 |       ||     1
  Eat: Chunk             |    14 |    11 |    32 |    57 |    96 |    54 ||   264
       Ration            |       |       |       |       |     2 |       ||     2
Armor: Robe              |    39 |    58 |    71 |    91 |    43 |       ||   302
       Skin              |       |       |     4 |       |       |       ||     4
       Troll leather arm |       |       |       |    61 |       |       ||    61
       Quicksilver drago |       |       |       |       |   391 |   209 ||   600
Dodge: Dodged            |    56 |    95 |   136 |   177 |   282 |   131 ||   877
Block: Shield            |       |       |       |   120 |       |       ||   120
       Large shield      |       |       |       |   187 |  1389 |   622 ||  2198
       Reflection        |       |       |       |       |    39 |       ||    39

Table legend:
 A = Spawn XP
 B = Non-spawn XP
 C = Spawn XP percentage of total XP
 D = Spawn monster count
 E = Non-spawn monster count
 F = Spawn count percentage of total count
 G = Total turns spent on level
                    A         B        C        D         E        F      G
               +---------+---------+-------+---------+---------+-------+---------
         Total |       0 |  310893 |   0.0 |       0 |    1169 |   0.0 | 29198
               +---------+---------+-------+---------+---------+-------+---------
           D:1 |       0 |      39 |   0.0 |       0 |      23 |   0.0 |   466
           D:2 |       0 |      71 |   0.0 |       0 |      14 |   0.0 |   624
           D:3 |       0 |     114 |   0.0 |       0 |      14 |   0.0 |   776
           D:4 |       0 |     970 |   0.0 |       0 |      38 |   0.0 |   732
           D:5 |       0 |     615 |   0.0 |       0 |      18 |   0.0 |   594
           D:6 |       0 |    1072 |   0.0 |       0 |      34 |   0.0 |   890
           D:7 |       0 |    1196 |   0.0 |       0 |      20 |   0.0 |   875
           D:8 |       0 |    1970 |   0.0 |       0 |      20 |   0.0 |   645
           D:9 |       0 |    1969 |   0.0 |       0 |      22 |   0.0 |  1083
          D:10 |       0 |    3014 |   0.0 |       0 |      42 |   0.0 |  1364
          D:11 |       0 |    8296 |   0.0 |       0 |      49 |   0.0 |  1138
          D:12 |       0 |    6756 |   0.0 |       0 |      28 |   0.0 |   679
          D:13 |       0 |    9529 |   0.0 |       0 |      38 |   0.0 |   570
          D:14 |       0 |   12195 |   0.0 |       0 |      44 |   0.0 |   866
          D:15 |       0 |   10831 |   0.0 |       0 |      32 |   0.0 |   670
        Lair:1 |       0 |    7522 |   0.0 |       0 |      27 |   0.0 |   785
        Lair:2 |       0 |    2259 |   0.0 |       0 |      10 |   0.0 |   769
        Lair:3 |       0 |    6258 |   0.0 |       0 |      21 |   0.0 |   763
        Lair:4 |       0 |    7436 |   0.0 |       0 |      28 |   0.0 |  1161
        Lair:5 |       0 |   18413 |   0.0 |       0 |      88 |   0.0 |  1270
        Lair:6 |       0 |   22834 |   0.0 |       0 |      58 |   0.0 |  1791
      Spider:1 |       0 |   12259 |   0.0 |       0 |      37 |   0.0 |   547
      Spider:2 |       0 |    9530 |   0.0 |       0 |      24 |   0.0 |  1073
      Spider:3 |       0 |   10247 |   0.0 |       0 |      25 |   0.0 |   142
         Orc:1 |       0 |    2202 |   0.0 |       0 |      19 |   0.0 |   698
         Orc:2 |       0 |   23121 |   0.0 |       0 |     142 |   0.0 |  2930
         Elf:1 |       0 |   23396 |   0.0 |       0 |      42 |   0.0 |  1212
         Elf:2 |       0 |   46221 |   0.0 |       0 |      62 |   0.0 |  1319
         Elf:3 |       0 |   50597 |   0.0 |       0 |      48 |   0.0 |  1375
           Lab |       0 |    1698 |   0.0 |       0 |       4 |   0.0 |   278
       Ossuary |       0 |     261 |   0.0 |       0 |      39 |   0.0 |   251
         IceCv |       0 |    6371 |   0.0 |       0 |      54 |   0.0 |   444
       Volcano |       0 |    1631 |   0.0 |       0 |       5 |   0.0 |   173
               +---------+---------+-------+---------+---------+-------+---------
